 Dungeon Crawl Stone Soup version 0.13.0-17-g5f0e85f (webtiles) character file.

840 Narretz the Ruffian (level 7, -7/105 HPs)
             Began as a Troll Berserker on Oct 21, 2013.
             Was a Priest of Trog.
             Mangled by Prince Ribbit (10 damage)
             ... on Level 4 of the Dungeon.
             The game lasted 00:11:32 (2712 turns).

Narretz the Ruffian (Troll Berserker)               Turns: 2712, Time: 00:11:32

HP  -7/105       AC  6     Str 33      XL: 7   Next: 13%
MP   2/2         EV 11     Int  3      God: Trog [***...]
Gold 264         SH  0     Dex  9      Spells:  0 memorised,  6 levels left

Res.Fire  : . . .   See Invis. : .     - Unarmed
Res.Cold  : . . .   Warding    : .   b - +0 animal skin
Life Prot.: . . .   Conserve   : .   (shield restricted)
Res.Poison: .       Res.Corr.  : .   (helmet restricted)
Res.Elec. : .       Clarity    : .   q - +0 cloak
Sust.Abil.: . .     Spirit.Shd : .   (gloves unavailable)
Res.Mut.  : .       Stasis     : .   (boots unavailable)
Res.Rott. : .       Flight     : .   (no amulet)
Gourmand  : +                        (no ring)
                                     (no ring)

@: regenerating, berserking, very quick, very resistant to hostile enchantments,
extremely unstealthy
A: unfitting armour, claws 3, fast metabolism 3, gourmand, regeneration 2,
saprovore 2, tough skin 2, AC +1
a: Burn Spellbooks, Berserk, Trog's Hand, Renounce Religion


You were on level 4 of the Dungeon.
You worshipped Trog.
Trog was most pleased with you.
You were very full.

You visited 1 branch of the dungeon, and saw 4 of its levels.

You collected 244 gold pieces.

Inventory:

Hand weapons
 f - a +1,+0 elven dagger of protection (quivered)
 F - a -1 orcish blowgun
Armour
 b - a +0 animal skin (worn)
 q - a +0 cloak (worn)
Comestibles
 a - 3 meat rations
 d - a honeycomb
 h - a chunk of goblin flesh
 m - 2 apples
 s - 2 chokos
 v - a bread ration
Scrolls
 g - 2 scrolls of enchant weapon I {unknown}
 i - 2 scrolls of remove curse {unknown}
 k - 2 scrolls of enchant weapon II {unknown}
 l - 2 scrolls of teleportation {unknown}
 o - a scroll of fog {unknown}
 r - 2 scrolls of amnesia {unknown}
 y - 4 scrolls of curse jewellery {unknown}
 A - 2 scrolls of identify {unknown}
 E - a scroll of fear {unknown}
Potions
 c - a potion of brilliance {unknown}
 e - a potion of invisibility {unknown}
 j - a potion of heal wounds {unknown}
 n - 2 potions of paralysis {unknown}
 p - 2 potions of curing
 u - a potion of degeneration {unknown}
 x - a potion of agility {unknown}
 z - 2 potions of might {unknown}


   Skills:
 + Level 4.0 Fighting
 + Level 4.6 Dodging
 + Level 1.0 Stealth
 + Level 5.1 Unarmed Combat


You had 6 spell levels left.
You didn't know any spells.

Dungeon Overview and Level Annotations

Branches:
Dungeon (4/27)
 Temple: D:4-7

Altars:
Sif Muna

Annotations:
D:4 Ijyb, Prince Ribbit


Innate Abilities, Weirdness & Mutations

You are too large for most types of armour.
You have claws for hands.
Your metabolism is lightning-fast.
You like to eat raw meat.
You heal very quickly.
You can eat rotten meat.
You are covered in fur (AC +1).
You have very tough skin (AC +2).


Message History

You closely miss Prince Ribbit.
Prince Ribbit is heavily wounded.
Prince Ribbit hits you!
* * * LOW HITPOINT WARNING * * *
You miss Prince Ribbit.
Prince Ribbit is heavily wounded.
Prince Ribbit completely misses you.
Prince Ribbit momentarily phases out as your attack passes through him.
Prince Ribbit is heavily wounded.
Prince Ribbit is no longer bleeding.
You hit Prince Ribbit.
Prince Ribbit begins to bleed from his wounds!
Prince Ribbit is heavily wounded.
Prince Ribbit hits you.
* * * LOW HITPOINT WARNING * * *
You miss Prince Ribbit.
Prince Ribbit is heavily wounded.
Ijyb shouts!
Prince Ribbit hits you!
You die...

#########.####
..#.# #.#.#
#.#.#####
#.#.#...
#.#.#.####
#........#
..#######.#.##.#
........@.#..#
#g#######F#..#
...g........#
....F...#..#
...........#
##.!.......#
#.#########


l You could see Prince Ribbit (bleeding) and Ijyb.

Vanquished Creatures
  The ghost of Lilouch the Covered, an average GrFi of Okawaru (D:3)
  A necrophage (D:4)
  Duvessa (D:4)
  Dowan (D:4)
  A jelly (D:4)
  A worker ant (D:4)
  12 adders
  A giant mite (D:2)
  A worm (D:3)
  2 oozes (D:4)
  An orc (D:3)
  2 ball pythons (D:1)
  5 giant cockroaches (D:2)
  3 hobgoblins
  3 jackals (D:2)
  12 kobolds
  3 quokkas (D:2)
  12 bats
  16 giant newts
  8 goblins
  3 rats
90 creatures vanquished.

Notes
Turn   | Place    | Note
--------------------------------------------------------------
     0 | D:1      | Narretz, the Troll Berserker, began the quest for the Orb.
     0 | D:1      | Reached XP level 1. HP: 23/23 MP: 0/0
   314 | D:1      | Reached XP level 2. HP: 24/31 MP: 0/0
   857 | D:2      | Reached XP level 3. HP: 39/39 MP: 1/1
  1014 | D:2      | Acquired Trog's second power
  1040 | D:2      | Reached XP level 4. HP: 30/46 MP: 1/1
  1418 | D:2      | Found a deep blue altar of Sif Muna.
  1725 | D:3      | Noticed Lilouch's ghost (average GrFi)
  1738 | D:3      | Killed Lilouch's ghost
  1738 | D:3      | Reached skill level 4 in Dodging
  1738 | D:3      | Reached XP level 5. HP: 54/54 MP: 1/1
  2012 | D:3      | Reached XP level 6. HP: 62/62 MP: 2/2
  2323 | D:4      | Noticed Dowan
  2337 | D:4      | Noticed Duvessa
  2389 | D:4      | Killed Duvessa
  2467 | D:4      | Killed Dowan
  2578 | D:4      | Reached skill level 1 in Stealth
  2630 | D:4      | Noticed a necrophage
  2634 | D:4      | Killed a necrophage
  2634 | D:4      | Reached skill level 5 in Unarmed Combat
  2634 | D:4      | Reached XP level 7. HP: 60/70 MP: 2/2
  2698 | D:4      | Noticed Prince Ribbit
  2701 | D:4      | Noticed Ijyb
  2708 | D:4      | HP: 3/105 [Prince Ribbit (15)]
  2712 | D:4      | Mangled by Prince Ribbit

Action                   |  1- 3 |  4- 6 |  7- 9 || total
-------------------------+-------+-------+-------++-------
Melee: Unarmed           |    64 |   168 |    10 ||   242
Invok: Berserk           |       |     3 |     1 ||     4
       Trog's Hand       |       |     2 |     1 ||     3
  Use: Potion            |       |       |     1 ||     1
 Stab: Sleeping          |       |     2 |       ||     2
